 Dungeon Crawl Stone Soup version 0.25-a0-785-gb22c70e859 (webtiles) character file.

Game seed: 3022224569283629269, levelgen mode: deterministic

107 Joeren the Changer (level 4, 0/38 HPs)
             Began as a Naga Transmuter on Apr 17, 2020.
             Slain by a scorpion (6 damage)
             ... on level 6 of the Dungeon.
             The game lasted 00:11:36 (2906 turns).

Joeren the Changer (Naga Transmuter)                Turns: 2906, Time: 00:11:36

Health: 0/38       AC: -2    Str: 11 (13) XL:     4   Next: 85%
Magic:  3/8        EV: 38    Int: 13 (14) God:
Gold:   73         SH:  0    Dex: 14 (16) Spells: 2/8 levels left

rFire    . . .     SeeInvis +     - Unarmed
rCold    . . .     Gourm    .   (shield currently unavailable)
rNeg     . . .     Faith    .   (armour currently unavailable)
rPois    x         Spirit   .   (helmet currently unavailable)
rElec    .         Reflect  .   (cloak currently unavailable)
rCorr    .         Harm     .   (gloves currently unavailable)
MR       .....                  (no barding)
Stlth    +.........             c - amulet of the acrobat
HPRegen  0.12/turn              g - +4 ring of evasion
MPRegen  0.11/turn              (no ring)

@: spider-form, marked, corroded, acrobat, very slightly contaminated
A: tiny, see invisible, slow metabolism 1, spit poison 1, AC +1
a: Spit Poison, End Transformation


You were on level 6 of the Dungeon.
You were very hungry.
You were a venomous arachnid creature.
You visited 1 branch of the dungeon, and saw 6 of its levels.

You collected 73 gold pieces.

Inventory:

Missiles
 a - 102 arrows
 f - 16 poisoned darts (quivered)
 l - 63 stones
Armour
 b - a +0 robe (melded)
Jewellery
 c - an amulet of the acrobat (around neck)
 g - a +4 ring of evasion (left front leg)
Wands
 n - a wand of random effects (14)
Scrolls
 i - 4 scrolls of identify {unknown}
 j - a scroll of remove curse {unknown}
 m - 2 scrolls of noise {unknown}
 t - 2 scrolls of enchant armour {unknown}
Potions
 e - a potion of lignification {unknown}
 h - 2 potions of degeneration
 p - a potion of berserk rage {unknown}
 q - a potion of stabbing {unknown}
 s - a potion of flight {unknown}
Comestibles
 d - 4 rations


   Skills:
 - Level 1.0 Fighting
 - Level 2.0 Dodging
 - Level 3.0 Unarmed Combat
 + Level 2.8 Spellcasting
 * Level 3.8 Transmutations
 + Level 1.3 Poison Magic


You had 2 spell levels left.
You knew the following spells:

 Your Spells              Type           Power        Failure   Level  Hunger
a - Beastly Appendage     Tmut           ##....       14%         1    #......
s - Spider Form           Tmut/Pois      #.........   45%         3    ###....
z - Sticks to Snakes      Tmut           ##......     21%         2    ###....

Your spell library contained the following spells:

 Spells                   Type           Power        Failure   Level  Hunger
 Ice Form                 Ice/Tmut       #.......     87%         4    #####..
 Blade Hands              Tmut           ##........   92%         5    ######.


Dungeon Overview and Level Annotations

Branches:
Dungeon (7/15)
 Temple: D:4-7

Altars:
Ashenzari
Xom


Innate Abilities, Weirdness & Mutations

You cannot wear boots.
((Your serpentine skin is tough. (AC +1)))
You have supernaturally acute eyesight. (SInv)
((Armour fits poorly on your strangely shaped body.))
((Your system is resistant to poisons. (rPois)))
((You cover ground very slowly.))
You have a slow metabolism.
You can spit poison.


Message History

The gnoll shouts! x2; You hear a shout! x3; You hear an angry hiss.
You hear a shout! x4
The jelly jiggles.
The gnoll completely misses you. The gnoll completely misses you. x3
The gnoll barely misses you.
Casting: Sticks to Snakes (safe; 8% risk of failure)
Confirm with . or Enter, or press ? or * to list all spells.
You turn into a venomous arachnid creature.
Your +0 robe melds into your body.
A centaur skeleton comes into view.
The gnoll misses you. The jelly hits you. The acid corrodes you!
You are splashed with acid!
* * * LOW HITPOINT WARNING * * *
The gnoll shaman calls upon its god to speed up the gnoll.
The gnoll seems to speed up.
The jelly misses you.
A centaur skeleton comes into view.
The scorpion stings you.
You die...

#######.#
#s#############
#.##..........#
#.##..........#
#..'%.........#
#.##..........#
#%##.gg.......#
#.##...s...(..##
#Zg.gYgJs.#....###
#Z#######.#......#
#.#.. #.#.##.#.#
#.#.. #.#..#.# #
#g#..####.#.<#.#
.g#.......####.#
..#.#......s...#
.. #.##########
#.#


You could see an ice beast, a gnoll shaman, a scorpion, a jelly, 4 gnolls and 2
centaur skeletons.

Vanquished Creatures
  An orc wizard (D:3)
  2 adders
  An ooze (D:3)
  A worm (D:2)
  3 dart slugs
  2 leopard geckos (D:1)
  4 orcs (D:3)
  7 goblins
  5 hobgoblins
  A quokka (D:2)
  A ball python (D:2)
  5 bats
  4 frilled lizards
  2 kobolds
  7 rats
46 creatures vanquished.

Notes
Turn   | Place    | Note
-------+----------+-------------------------------------------
     0 | D:1      | Joeren the Naga Transmuter began the quest for the Orb.
     0 | D:1      | Reached XP level 1. HP: 18/18 MP: 3/3
   168 | D:1      | Reached XP level 2. HP: 3/25 MP: 5/5
  1629 | D:2      | Reached XP level 3. HP: 23/31 MP: 6/6
  1833 | D:2      | Found a shattered altar of Ashenzari.
  2043 | D:2      | Found a shimmering altar of Xom.
  2070 | D:2      | Learned a level 2 spell: Sticks to Snakes
  2074 | D:2      | Learned a level 3 spell: Spider Form
  2507 | D:3      | Reached XP level 4. HP: 34/38 MP: 3/7
  2568 | D:3      | Reached skill level 1 in Poison Magic
  2837 | D:3      | You fall into a shaft and drop 3 floors!
  2838 | D:6      | Noticed an ice beast
  2894 | D:7      | Noticed a sky beast
  2906 | D:6      | Slain by a scorpion

Levels and vault maps discovered:
D:1:      tarquinn_simple_flora_water_c, layout_basic
D:2:      layout_basic, xom_butterflies, evilmike_ruin_ashenzari
D:3:      wad_lake_hut, layout_loops_ring, lemuel_crystal_altar,
          lemuel_doored_altar, first_ration, kennysheep_path_1, bloody_makhleb
D:4:      kennysheep_kobold_camp, layout_cave_pools, old_standard_altar,
          lemuel_coloured_pillars_altar, bloody_trog, minmay_temple_entry_mist,
          uniq_duvessa
D:6:      layout_basic
D:7:      layout_gridville, the_bakery, grunt_decor_fettered, minmay_microvault

Skill      XL: |  1  2  3  4 |
---------------+-------------+-----
Dodging        | 2 |  2.0
Transmutations | 3 |  3.8
Poison Magic   | 1 |  1.3
Fighting       | |  1.0
Unarmed Combat | |  3.0
Spellcasting   | |  2.8

Action                   |  1- 3 |  4- 6 || total
-------------------------+-------+-------++-------
Melee: Unarmed           |   116 |    26 ||   142
       Headbutt          |    19 |     3 ||    22
 Cast: Beastly Appendage |    26 |     4 ||    30
       Spider Form       |     1 |     3 ||     4
       Sticks to Snakes  |     1 |     3 ||     4
 Abil: Spit Poison       |     1 |     1 ||     2
Evoke: Wand              |       |     1 ||     1
  Use: Potion            |       |     2 ||     2
       Scroll            |       |     1 ||     1
  Eat: Chunk             |     4 |     1 ||     5
Armor: Robe              |    21 |     2 ||    23
       Skin              |       |     3 ||     3
Dodge: Dodged            |   108 |    51 ||   159

Table legend:
 A = Non-vault XP
 B = Vault XP
 C = Vault XP percentage of total XP
 D = Non-vault monster count
 E = Vault monster count
 F = Vault count percentage of total count
                 A         B        C        D         E       F
            +---------+---------+-------+---------+---------+-------
      Total |     153 |       0 |   0.0 |      46 |       0 |   0.0
            +---------+---------+-------+---------+---------+-------
        D:1 |      29 |       0 |   0.0 |      16 |       0 |   0.0
        D:2 |      50 |       0 |   0.0 |      21 |       0 |   0.0
        D:3 |      74 |       0 |   0.0 |       9 |       0 |   0.0
            +---------+---------+-------+---------+---------+-------
